 Dungeon Crawl Stone Soup version 0.27-a0-328-g7f782ed93a (webtiles) character file.

Game seed: 14820949691067744238

976 CurlyBrace the Skirmisher (level 7, 6/34 HPs)
             Began as a Felid Summoner on Feb 11, 2021.
             Was a Believer of Cheibriados.
             Quit the game on level 1 of the Orcish Mines.
             The game lasted 00:20:56 (1449 turns).

CurlyBrace the Skirmisher (Felid Summoner)          Turns: 1449, Time: 00:20:56

Health: 6/34       AC:  2    Str:  9    XL:     7   Next: 95%
Magic:  4/12       EV: 22    Int: 22    God:    Cheibriados [**....]
Gold:   182        SH:  0    Dex: 20    Spells: 9/12 levels left
                                        Lives:  0   Deaths: 2

rFire    . . .     SeeInvis +     - Unarmed
rCold    . . .     Faith    .   (shield unavailable)
rNeg     . . .     Spirit   .   (armour unavailable)
rPois    .         Reflect  .   (helmet unavailable)
rElec    .         Harm     .   (cloak unavailable)
rCorr    +         Rampage  .   (gloves unavailable)
Will     +....                  (boots unavailable)
Stlth    ++++......             (no amulet)
HPRegen  0.11/turn              k - ring of resist corrosion
MPRegen  0.13/turn              (no ring)

@: very slow
A: very small, no armour, no weapons or thrown items, stealth, claws 1, fangs 3,
see invisible, speed 1, shaggy fur 2, sharp paws
a: Renounce Religion, Bend Time


You were on level 1 of the Orcish Mines.
You worshipped Cheibriados.
Cheibriados was pleased with you.
You visited 3 branches of the dungeon, and saw 11 of its levels.

You collected 182 gold pieces.

Inventory:

Jewellery
 b - a ring of ice
   (You found it on level 6 of the Dungeon)
 k - a ring of resist corrosion (left paw)
   (You found it on level 9 of the Dungeon)
Wands
 c - a wand of flame (24)
   (You found it on level 8 of the Dungeon)


   Skills:
 * Level 5.9 Fighting
 + Level 5.5 Dodging
 + Level 5.7 Stealth
 * Level 5.9 Unarmed Combat
 - Level 3.0 Spellcasting
 - Level 4.0 Summonings
 - Level 1.0 Invocations
 - Level 2.0 Evocations


You had 9 spell levels left.
You knew the following spells:

 Your Spells              Type           Power        Failure   Level
a - Summon Small Mammal   Summ           80%          2%          1
b - Call Imp              Summ           20%          3%          2

Your spell library contained the following spells:

 Spells                   Type           Power        Failure   Level
 Call Canine Familiar     Summ           20%          7%          3
 Animate Skeleton         Necr           6%           12%         1
 Corona                   Hex            3%           12%         1
 Pain                     Necr           12%          12%         1
 Summon Guardian Golem    Hex/Summ       12%          16%         3
 Slow                     Hex            3%           19%         2
 Inner Flame              Hex/Fire       3%           36%         3
 Vampiric Draining        Necr           1%           36%         3
 Summon Ice Beast         Ice/Summ       12%          47%         4
 Summon Lightning Spire   Summ/Air       12%          47%         4
 Animate Dead             Necr           1%           77%         4
 Cause Fear               Hex            1%           77%         4
 Leda's Liquefaction      Hex/Erth       1%           77%         4
 Agony                    Necr           3%           98%         5
 Portal Projectile        Hex/Tloc       Unusable     N/A         3

Dungeon Overview and Level Annotations

Branches:
Dungeon (9/15)             Temple (1/1) D:6             Orc (1/2) D:9
   Lair: D:8-11

Altars:
Cheibriados
Dithmenos
Hepliaklqana
Makhleb
Ru
Xom

Annotations:
D:7 exclusion: zombie


Innate Abilities, Weirdness & Mutations

You cannot wear armour.
You are incapable of wielding weapons or throwing items.
Your paws allow you to move quietly. (Stealth)
You have sharp claws.
You have razor-sharp teeth.
You have supernaturally acute eyesight. (SInv)
You cover ground quickly.
You are covered in thick fur. (AC +2)
Your sharp claws are effective at attacking unaware monsters.


Message History

The gnoll is almost dead.
The gnoll sergeant hits your iron imp with a +0 trident!
Your crimson imp hits the orc warrior but does no damage.
Your white imp barely misses the gnoll sergeant.
Unknown command.
Unknown command.
Unknown command.
You scratch the gnoll.
You kill the gnoll!
Cheibriados appreciates the change of pace.
The orc warrior barely misses your crimson imp.
The gnoll barely misses your crimson imp.
The gnoll misses you.
Your iron imp hits the gnoll sergeant but does no damage.
The gnoll sergeant hits your iron imp with a +0 trident!
Your iron imp dies!
The troll bites your crimson imp!
Your crimson imp dies!
The gnoll sergeant shouts!
Unknown command.
Unknown command.
Casting: Call Imp (safe; 3% risk of failure)
Confirm with . or Enter, or press ? or * to list all spells.
A shadowy apparition takes form in the air.
Your white imp hits the gnoll sergeant but does no damage.
The gnoll hits you with a +0 whip.
The gnoll sergeant hits you from afar with a +0 trident!
* * * LOW HITPOINT WARNING * * *
Your white imp hits the gnoll sergeant but does no damage.
The gnoll sergeant barely misses your white imp.
Your shadow imp gestures at the gnoll.
The gnoll writhes in agony.
Your white imp gestures at the gnoll sergeant.
The puff of frost hits the gnoll sergeant!
The gnoll sergeant dies!
Cheibriados thoroughly appreciates the change of pace.
The gnoll closely misses you. The gnoll barely misses you.
Unknown command.
You aren't carrying any scrolls.
Are you sure you want to abandon this character and quit the game? (Confirm with "yes".)

### ###.## ###
##....###.#####
#...@.5#.T.#..##
##.#gg.g#.#....#
####..o).....###
###...5†#.......#..
##.................g
#.....#.......>.....
##.#####.#.#....#.#.
## ##########


You could see an orc warrior, 3 gnolls, a friendly white imp (summoned) and a
friendly shadow imp (summoned).

Vanquished Creatures
  Sigmund (D:6)
  2 water moccasins
  An ice beast (D:6)
  An ogre (D:8)
  A centaur (D:8)
  2 phantoms
  3 bullfrogs
  A scorpion (D:5)
  2 howler monkeys (D:6)
  A quasit (D:6)
  A hound (D:7)
  An iguana (D:6)
  3 orc wizards
  4 worker ants
  A hound zombie (D:9)
  A gnoll (Orc:1)
  2 adders
  A shadow imp (D:6)
  An adder skeleton (D:7)
  An adder zombie (D:6)
  3 leopard geckos
  6 orcs
  4 jackals (D:6)
  2 quokkas
  4 bats
  A kobold (D:1)
  2 leopard gecko skeletons
  2 rats (D:1)
55 creatures vanquished.

Vanquished Creatures (collateral kills)
  A gnoll sergeant (Orc:1)
  An orc priest (D:8)
  An iguana (D:8)
  An orc (D:8)
  3 goblins
  A hobgoblin (D:1)
  A quokka (D:3)
  A bat (D:3)
10 creatures vanquished.

Vanquished Creatures (others)
  17 fungi (D:8)
  13 plants (D:8)
30 creatures vanquished.

Grand Total: 95 creatures vanquished

Notes
Turn   | Place    | Note
-------+----------+-------------------------------------------
     0 | D:1      | CurlyBrace the Felid Summoner began the quest for the Orb.
     0 | D:1      | Reached XP level 1. HP: 7/7 MP: 4/4
   211 | D:3      | Reached skill level 1 in Fighting
   211 | D:3      | Reached XP level 2. HP: 10/12 MP: 6/6
   240 | D:3      | Reached skill level 1 in Unarmed Combat
   339 | D:5      | Entered Level 5 of the Dungeon
   339 | D:5      | Noticed a scorpion
   343 | D:5      | Killed a scorpion
   344 | D:5      | Reached skill level 1 in Evocations
   344 | D:5      | Reached XP level 3. HP: 16/16 MP: 7/7
   344 | D:5      | Reached XP level 4. HP: 19/19 MP: 8/8
   367 | D:6      | Slain by a worker ant
   368 | D:6      | Reached XP level 3. HP: -3/16 MP: 7/7
   384 | D:6      | Noticed a bullfrog
   387 | D:6      | Found a staircase to the Ecumenical Temple.
   392 | D:6      | Noticed an ice beast
   397 | D:6      | Killed a bullfrog
   398 | D:6      | Reached XP level 4. HP: 20/20 MP: 8/8
   405 | D:6      | Killed an ice beast
   406 | D:6      | Reached XP level 5. HP: 24/24 MP: 9/9
   430 | Temple   | Entered the Ecumenical Temple
   436 | Temple   | Became a worshipper of Cheibriados the Contemplative
   458 | D:6      | Gained mutation: You are covered in thick fur. (AC +2)
                  | [Felid growth]
   458 | D:6      | Reached XP level 6. HP: 19/28 MP: 10/10
   553 | D:6      | Noticed Sigmund
   564 | D:6      | Killed Sigmund
   565 | D:6      | Reached XP level 7. HP: 17/33 MP: 11/11
   575 | D:6      | Found a shadowy altar of Dithmenos.
   590 | D:6      | Reached skill level 1 in Invocations
   606 | D:6      | Reached * piety under Cheibriados
   647 | D:7      | Found a shimmering altar of Xom.
   859 | D:8      | Reached skill level 5 in Fighting
   859 | D:8      | Reached skill level 5 in Unarmed Combat
   909 | D:8      | Learned a level 2 spell: Call Imp
   975 | D:8      | Reached skill level 5 in Stealth
  1104 | D:8      | Reached XP level 8. HP: 13/37 MP: 10/13
  1128 | D:7      | Found a burning altar of Makhleb.
  1141 | D:7      | Slain by a hound
  1142 | D:7      | Reached XP level 7. HP: 0/33 MP: 11/12
  1169 | D:8      | Reached skill level 5 in Dodging
  1198 | D:8      | Noticed a komodo dragon
  1355 | D:9      | Found a staircase to the Orcish Mines.
  1387 | D:9      | Reached ** piety under Cheibriados
  1416 | Orc:1    | Entered Level 1 of the Orcish Mines
  1442 | Orc:1    | Noticed a troll
  1449 | Orc:1    | Quit the game

Illustrated notes

Levels and vault maps discovered:
D:1:      scummos_arrival_star, layout_basic
D:2:      layout_basic
D:3:      layout_rooms
D:4:      layout_loops_ring
D:5:      layout_loops_cross, uniq_duvessa
D:6:      layout_cave_pools, minmay_temple_entry_arrows,
          nicolae_dithmenos_through_a_glass_darkly, uniq_sigmund
D:7:      layout_gridville, overflow_temple_1_default, serial_shops,
          nicolae_shop_behind_doors, shop, makhleb_heckhound_becter
D:8:      layout_basic, grunt_lair_entry_orc_guard_hut, minivault_5,
          nicolae_qazlal_eye_of_the_storm
D:9:      layout_rooms, david_orc_3, uniq_joseph
Temple:   nicolae_temple_the_god_donut
Orc:1:    layout_caves, serial_shops, nicolae_shop_crystal

Skill      XL: |  1  2  3  4  5  6  7 |
---------------+----------------------+-----
Fighting       | 1 2 3 4 5 |  5.9
Stealth        | 3 4 5 |  5.7
Unarmed Combat | 2 3 4 5 |  5.9
Dodging        | 3 4 5 |  5.5
Evocations     | 1 2 |  2.0
Invocations    | 1 |  1.0
Spellcasting   | 3 |  3.0
Summonings     | |  4.0

Action                   |  1- 3 |  4- 6 |  7- 9 || total
-------------------------+-------+-------+-------++-------
Melee: Unarmed           |    29 |    48 |    95 ||   172
       Bite              |     2 |     4 |    10 ||    16
       Punch             |       |       |     1 ||     1
 Cast: Summon Small Mamm |    10 |       |     7 ||    17
       Call Imp          |       |       |    12 ||    12
Evoke: Wand              |     3 |    11 |    10 ||    24
  Use: Scroll            |     1 |     1 |     2 ||     4
       Potion            |       |     1 |     2 ||     3
 Stab: Paralysed         |     6 |     7 |     1 ||    14
       Sleeping          |     2 |     1 |    10 ||    13
Armor: Skin              |     3 |     6 |     6 ||    15
Dodge: Dodged            |    35 |    53 |    72 ||   160

Table legend: (Time is in decaauts)
 A = Elapsed time spent in this place.
 B = Non-inter-level travel time spent in this place.
 C = Inter-level travel time spent in this place.
 D = Time resting spent in this place.
 E = Time spent auto-exploring this place.
 F = Levels seen in this place.
 G = Mean time per level.
                   A        B        C        D        E       F      G
               +--------+--------+--------+--------+--------+-----+--------+
         Total |   1512 |   1512 |      0 |      0 |      0 |  11 |  137.5 |
       Dungeon |   1462 |   1462 |      0 |      0 |      0 |   9 |  162.4 |
        Temple |     12 |     12 |      0 |      0 |      0 |   1 |   12.0 |
  Orcish Mines |     38 |     38 |      0 |      0 |      0 |   1 |   38.0 |
               +--------+--------+--------+--------+--------+-----+--------+

Top non-repeatable levels by time:
     D:8: 603 daAuts
     D:6: 273 daAuts
     D:7: 153 daAuts
     D:9: 135 daAuts
     D:3: 129 daAuts
     D:1: 125 daAuts
   Orc:1: 38 daAuts
     D:2: 23 daAuts
  Temple: 12 daAuts
     D:5: 12 daAuts
     D:4: 4 daAuts
